Workbook

Sheet INVOICE FINAL
B2: Thessaloniki | G2: INVOICE
B3: Cadet European Cup 2026
B4: Thessaloniki, Greece
B5: November 21-22, 2026
B6: EJU Cadet Training Camp
B7: November 23-25, 2026
B9: BILL TO
B11: =ACCOMMODATION!A16 -> 0 | G11: Invoice No:
G12: Invoice Date:
A15: Item No. | B15: Description | D15: EJU entry fee | E15: Service fee | F15: ACCOMMODATION COST | G15: Meal Cost | H15: Training Camp Participation Fee | I15: TOTAL
A16: 1 | B16: =IF(NOT(ISBLANK(ACCOMMODATION!C13)), ACCOMMODATION!C13, "") | D16: =ACCOMMODATION!AC13 -> 0 | E16: =ACCOMMODATION!AD13 -> 0 | F16: =ACCOMMODATION!AF13 -> 0 | G16: =ACCOMMODATION!AG13+ACCOMMODATION!AH13+ACCOMMODATION!AI13 -> 0 | H16: =ACCOMMODATION!AJ13 -> 0 | I16: =D16+E16+F16+G16+H16 -> 0
A17: =IF(B17 = "", "", A16 + 1) | B17: =IF(NOT(ISBLANK(ACCOMMODATION!C14)), ACCOMMODATION!C14, "") | D17: =ACCOMMODATION!AC14 -> 0 | E17: =ACCOMMODATION!AD14 -> 0 | F17: =ACCOMMODATION!AF14 -> 0 | G17: =ACCOMMODATION!AG14+ACCOMMODATION!AH14+ACCOMMODATION!AI14 -> 0 | H17: =ACCOMMODATION!AJ14 -> 0 | I17: =D17+E17+F17+G17+H17 -> 0
A18: =IF(B18 = "", "", A17 + 1) | B18: =IF(NOT(ISBLANK(ACCOMMODATION!C15)), ACCOMMODATION!C15, "") | D18: =ACCOMMODATION!AC15 -> 0 | E18: =ACCOMMODATION!AD15 -> 0 | F18: =ACCOMMODATION!AF15 -> 0 | G18: =ACCOMMODATION!AG15+ACCOMMODATION!AH15+ACCOMMODATION!AI15 -> 0 | H18: =ACCOMMODATION!AJ15 -> 0 | I18: =D18+E18+F18+G18+H18 -> 0
A19: =IF(B19 = "", "", A18 + 1) | B19: =IF(NOT(ISBLANK(ACCOMMODATION!C16)), ACCOMMODATION!C16, "") | D19: =ACCOMMODATION!AC16 -> 0 | E19: =ACCOMMODATION!AD16 -> 0 | F19: =ACCOMMODATION!AF16 -> 0 | G19: =ACCOMMODATION!AG16+ACCOMMODATION!AH16+ACCOMMODATION!AI16 -> 0 | H19: =ACCOMMODATION!AJ16 -> 0 | I19: =D19+E19+F19+G19+H19 -> 0
A20: =IF(B20 = "", "", A19 + 1) | B20: =IF(NOT(ISBLANK(ACCOMMODATION!C17)), ACCOMMODATION!C17, "") | D20: =ACCOMMODATION!AC17 -> 0 | E20: =ACCOMMODATION!AD17 -> 0 | F20: =ACCOMMODATION!AF17 -> 0 | G20: =ACCOMMODATION!AG17+ACCOMMODATION!AH17+ACCOMMODATION!AI17 -> 0 | H20: =ACCOMMODATION!AJ17 -> 0 | I20: =D20+E20+F20+G20+H20 -> 0
A21: =IF(B21 = "", "", A20 + 1) | B21: =IF(NOT(ISBLANK(ACCOMMODATION!C18)), ACCOMMODATION!C18, "") | D21: =ACCOMMODATION!AC18 -> 0 | E21: =ACCOMMODATION!AD18 -> 0 | F21: =ACCOMMODATION!AF18 -> 0 | G21: =ACCOMMODATION!AG18+ACCOMMODATION!AH18+ACCOMMODATION!AI18 -> 0 | H21: =ACCOMMODATION!AJ18 -> 0 | I21: =D21+E21+F21+G21+H21 -> 0
A22: =IF(B22 = "", "", A21 + 1) | B22: =IF(NOT(ISBLANK(ACCOMMODATION!C19)), ACCOMMODATION!C19, "") | D22: =ACCOMMODATION!AC19 -> 0 | E22: =ACCOMMODATION!AD19 -> 0 | F22: =ACCOMMODATION!AF19 -> 0 | G22: =ACCOMMODATION!AG19+ACCOMMODATION!AH19+ACCOMMODATION!AI19 -> 0 | H22: =ACCOMMODATION!AJ19 -> 0 | I22: =D22+E22+F22+G22+H22 -> 0
A23: =IF(B23 = "", "", A22 + 1) | B23: =IF(NOT(ISBLANK(ACCOMMODATION!C20)), ACCOMMODATION!C20, "") | D23: =ACCOMMODATION!AC20 -> 0 | E23: =ACCOMMODATION!AD20 -> 0 | F23: =ACCOMMODATION!AF20 -> 0 | G23: =ACCOMMODATION!AG20+ACCOMMODATION!AH20+ACCOMMODATION!AI20 -> 0 | H23: =ACCOMMODATION!AJ20 -> 0 | I23: =D23+E23+F23+G23+H23 -> 0
A24: =IF(B24 = "", "", A23 + 1) | B24: =IF(NOT(ISBLANK(ACCOMMODATION!C21)), ACCOMMODATION!C21, "") | D24: =ACCOMMODATION!AC21 -> 0 | E24: =ACCOMMODATION!AD21 -> 0 | F24: =ACCOMMODATION!AF21 -> 0 | G24: =ACCOMMODATION!AG21+ACCOMMODATION!AH21+ACCOMMODATION!AI21 -> 0 | H24: =ACCOMMODATION!AJ21 -> 0 | I24: =D24+E24+F24+G24+H24 -> 0
A25: =IF(B25 = "", "", A24 + 1) | B25: =IF(NOT(ISBLANK(ACCOMMODATION!C22)), ACCOMMODATION!C22, "") | D25: =ACCOMMODATION!AC22 -> 0 | E25: =ACCOMMODATION!AD22 -> 0 | F25: =ACCOMMODATION!AF22 -> 0 | G25: =ACCOMMODATION!AG22+ACCOMMODATION!AH22+ACCOMMODATION!AI22 -> 0 | H25: =ACCOMMODATION!AJ22 -> 0 | I25: =D25+E25+F25+G25+H25 -> 0
A26: =IF(B26 = "", "", A25 + 1) | B26: =IF(NOT(ISBLANK(ACCOMMODATION!C23)), ACCOMMODATION!C23, "") | D26: =ACCOMMODATION!AC23 -> 0 | E26: =ACCOMMODATION!AD23 -> 0 | F26: =ACCOMMODATION!AF23 -> 0 | G26: =ACCOMMODATION!AG23+ACCOMMODATION!AH23+ACCOMMODATION!AI23 -> 0 | H26: =ACCOMMODATION!AJ23 -> 0 | I26: =D26+E26+F26+G26+H26 -> 0
A27: =IF(B27 = "", "", A26 + 1) | B27: =IF(NOT(ISBLANK(ACCOMMODATION!C24)), ACCOMMODATION!C24, "") | D27: =ACCOMMODATION!AC24 -> 0 | E27: =ACCOMMODATION!AD24 -> 0 | F27: =ACCOMMODATION!AF24 -> 0 | G27: =ACCOMMODATION!AG24+ACCOMMODATION!AH24+ACCOMMODATION!AI24 -> 0 | H27: =ACCOMMODATION!AJ24 -> 0 | I27: =D27+E27+F27+G27+H27 -> 0
A28: =IF(B28 = "", "", A27 + 1) | B28: =IF(NOT(ISBLANK(ACCOMMODATION!C25)), ACCOMMODATION!C25, "") | D28: =ACCOMMODATION!AC25 -> 0 | E28: =ACCOMMODATION!AD25 -> 0 | F28: =ACCOMMODATION!AF25 -> 0 | G28: =ACCOMMODATION!AG25+ACCOMMODATION!AH25+ACCOMMODATION!AI25 -> 0 | H28: =ACCOMMODATION!AJ25 -> 0 | I28: =D28+E28+F28+G28+H28 -> 0
... A51: =IF(B51 = "", "", A50 + 1) | B51: =IF(NOT(ISBLANK(ACCOMMODATION!C48)), ACCOMMODATION!C48, "") | D51: =ACCOMMODATION!AC48 -> 0 | E51: =ACCOMMODATION!AD48 -> 0 | F51: =ACCOMMODATION!AF48 -> 0 | G51: =ACCOMMODATION!AG48+ACCOMMODATION!AH48+ACCOMMODATION!AI48 -> 0 | H51: =ACCOMMODATION!AJ48 -> 0 | I51: =D51+E51+F51+G51+H51 -> 0
G52: SUBTOTAL | I52: =SUM(I16:I51) -> 0
B53: Payment Method: Bank Transfer
B54: Hellenic Judo Federation | G54: Balance Due | I54: =SUM(I52:I52) -> 0
B55: Stadiou 38, Athens Greece
B56: National Bank of Greece
B57: IBAN :GR1601100800000008048058286
B58: SWIFT: ETHNGRAA

Sheet ACCOMMODATION
A1: Thessaloniki
A2: Cadet European Cup 2026
A3: Thessaloniki, Greece
A4: November 21-22, 2026
A5: EJU Cadet Training Camp
A6: November 23-25, 2026 | AC6: TOTAL EJU entry fee | AD6: Service fee | AE6: ACCOMMODATION COST /PER NIGHT | AF6: TOTAL ACCOMMODATION COST | AG6: TOTAL Lunch COST HOTEL | AH6: TOTAL Lunch BOX COST | AI6: TOTAL Dinner COST | AJ6: TOTAL TRAINING CAMP COST | AK6: TOTAL COST PER TEAM
A8: Single Room | B8: Double Room | C8: Triple Room | D8: EJU entry fee | E8: Service fee | F8: lunch in s. hall | G8: Dinner | H8: Lunch box in the hall | AC8: =SUM(AC13:AC111) -> 0 | AD8: =SUM(AD13:AD111) -> 0 | AE8: =SUM(AE13:AE111) -> 0 | AF8: =SUM(AF13:AF111) -> 0 | AG8: =SUM(AG13:AG111) -> 0 | AH8: =SUM(AH13:AH111) -> 0 | AI8: =SUM(AI13:AI111) -> 0 | AJ8: =SUM(AJ13:AJ111) -> 0 | AK8: =SUM(AK13:AK111) -> 0 | AM8: Cat. A Holiday Inn Thessaloniki
A9: =IF($A$13="Cat. B Capsis Hotel Thessaloniki", $AN$27, IF($A$13="Cat. A Holiday Inn Thessaloniki", $AN$15, 0)) -> 0 | B9: =IF($A$13="Cat. B Capsis Hotel Thessaloniki", $AN$28, IF($A$13="Cat. A Holiday Inn Thessaloniki", $AN$16, 0)) -> 0 | C9: =IF($A$13="Cat. B Capsis Hotel Thessaloniki", $AN$29, IF($A$13="Cat. A Holiday Inn Thessaloniki", $AN$17, 0)) -> 0 | D9: 25 | E9: 120 | F9: =IF($A$13="Cat. B Capsis Hotel Thessaloniki", $AN$31, IF($A$13="Cat. A Holiday Inn Thessaloniki", $AN$19, "0")) -> 0 | G9: =IF($A$13="Cat. B Capsis Hotel Thessaloniki", $AN$33, IF($A$13="Cat. A Holiday Inn Thessaloniki", $AN$21, "0")) -> 0 | H9: 20 | AM9: Cat. B Capsis Hotel Thessaloniki
AM10: Participants with own accommodation
P11: INSERT 1 IF YES 0 IF NO | AC11: TOTAL
A12: Please select CATEGORY / Hotel | C12: NAME | D12: CATEGORY | E12: Room Type /own accommodation | F12: CHECK IN | G12: CHECK OUT | H12: NUM. OF DAYS | I12: LUNCH HOTEL 19/11/2026 | J12: LUNCH HOTEL 20/11/2026 | K12: LUNCH HOTEL 21/11/2026 | L12: LUNCH HOTEL 22/11/2026 | M12: LUNCH HOTEL 23/11/2026 | N12: LUNCH HOTEL 24/11/2026 | O12: LUNCH HOTEL 25/11/2026 | P12: Lunch box 21/11/2026 | Q12: Lunch box 22/11/2026 | R12: DINNER HOTEL MONDAY 17/11/2025 | S12: DINNER HOTEL TUESDAY 18/11/2025 | T12: DINNER HOTEL WEDNESDAY 19/11/2025 | U12: DINNER 19/11/2026 | V12: DINNER 20/11/2026 | W12: DINNER 21/11/2026 | X12: DINNER 22/11/2026 | Y12: DINNER 23/11/2026 | Z12: DINNER 24/11/2026 | AA12: DINNER 25/11/2026 | AB12: TRAINING CAMP ONLY PARTICIPATION | AC12: EJU entry fee | AD12: Service fee | AE12: ACCOMMODATION COST /PER NIGHT | AF12: TOTAL ACCOMMODATION COST | AG12: Lunch COST HOTEL | AH12: Lunch BOX COST | AI12: Dinner COST | AJ12: TRAINING CAMP PARTICIPATION FEE | AK12: TOTAL COST PER PERSON | AL12: Cat. A | AM12: Holiday Inn Thessaloniki
A13: Participants with own accommodation | H13: =G13-F13 -> 0 | AC13: =IF(D13="ATHLETE", $D$9, 0) -> 0 | AD13: =IF(NOT(ISBLANK(C13)),IF(OR(A13="Cat. B Capsis Hotel Thessaloniki",A13="Cat. A Holiday Inn Thessaloniki",A13=""),0,120),) -> 0 | AE13: =IF(E13="Single",$A$9,IF(E13="Double",$B$9,IF(E13="Triple",$C$9,0))) -> 0 | AF13: =AE13*H13 -> 0 | AG13: =SUM(I13:O13)*$F$9 -> 0 | AH13: =(P13+Q13)*$H$9 -> 0 | AI13: {=SUM(R13:AA13*$G$9)} -> 0 | AJ13: =IF(TRIM(AB13)="YES", 60, 0) -> 0 | AK13: =AC13+AD13+AF13+AG13+AH13+AI13+AJ13 -> 0
H14: =G14-F14 -> 0 | AC14: =IF(D14="ATHLETE", $D$9, 0) -> 0 | AD14: =IF(NOT(ISBLANK(C14)),IF(OR(A13="Cat. B Capsis Hotel Thessaloniki",A13="Cat. A Holiday Inn Thessaloniki",A13=""),0,120),) -> 0 | AE14: =IF(E14="Single",$A$9,IF(E14="Double",$B$9,IF(E14="Triple",$C$9,0))) -> 0 | AF14: =AE14*H14 -> 0 | AG14: =SUM(I14:O14)*$F$9 -> 0 | AH14: =(P14+Q14)*$H$9 -> 0 | AI14: {=SUM(R14:AA14*$G$9)} -> 0 | AJ14: =IF(TRIM(AB14)="YES", 60, 0) -> 0 | AK14: =AC14+AD14+AF14+AG14+AH14+AI14+AJ14 -> 0 | AN14: B&B
A15: Bill to Country : | H15: =G15-F15 -> 0 | AC15: =IF(D15="ATHLETE", $D$9, 0) -> 0 | AD15: =IF(NOT(ISBLANK(C15)),IF(OR(A13="Cat. B Capsis Hotel Thessaloniki",A13="Cat. A Holiday Inn Thessaloniki",A13=""),0,120),) -> 0 | AE15: =IF(E15="Single",$A$9,IF(E15="Double",$B$9,IF(E15="Triple",$C$9,0))) -> 0 | AF15: =AE15*H15 -> 0 | AG15: =SUM(I15:O15)*$F$9 -> 0 | AH15: =(P15+Q15)*$H$9 -> 0 | AI15: {=SUM(R15:AA15*$G$9)} -> 0 | AJ15: =IF(TRIM(AB15)="YES", 60, 0) -> 0 | AK15: =AC15+AD15+AF15+AG15+AH15+AI15+AJ15 -> 0 | AM15: Single room | AN15: 140
H16: =G16-F16 -> 0 | AC16: =IF(D16="ATHLETE", $D$9, 0) -> 0 | AD16: =IF(NOT(ISBLANK(C16)),IF(OR(A13="Cat. B Capsis Hotel Thessaloniki",A13="Cat. A Holiday Inn Thessaloniki",A13=""),0,120),) -> 0 | AE16: =IF(E16="Single",$A$9,IF(E16="Double",$B$9,IF(E16="Triple",$C$9,0))) -> 0 | AF16: =AE16*H16 -> 0 | AG16: =SUM(I16:O16)*$F$9 -> 0 | AH16: =(P16+Q16)*$H$9 -> 0 | AI16: {=SUM(R16:AA16*$G$9)} -> 0 | AJ16: =IF(TRIM(AB16)="YES", 60, 0) -> 0 | AK16: =AC16+AD16+AF16+AG16+AH16+AI16+AJ16 -> 0 | AM16: Double room | AN16: 110
H17: =G17-F17 -> 0 | AC17: =IF(D17="ATHLETE", $D$9, 0) -> 0 | AD17: =IF(NOT(ISBLANK(C17)),IF(OR(A13="Cat. B Capsis Hotel Thessaloniki",A13="Cat. A Holiday Inn Thessaloniki",A13=""),0,120),) -> 0 | AE17: =IF(E17="Single",$A$9,IF(E17="Double",$B$9,IF(E17="Triple",$C$9,0))) -> 0 | AF17: =AE17*H17 -> 0 | AG17: =SUM(I17:O17)*$F$9 -> 0 | AH17: =(P17+Q17)*$H$9 -> 0 | AI17: {=SUM(R17:AA17*$G$9)} -> 0 | AJ17: =IF(TRIM(AB17)="YES", 60, 0) -> 0 | AK17: =AC17+AD17+AF17+AG17+AH17+AI17+AJ17 -> 0 | AM17: Triple room | AN17: 90
H18: =G18-F18 -> 0 | AC18: =IF(D18="ATHLETE", $D$9, 0) -> 0 | AD18: =IF(NOT(ISBLANK(C18)),IF(OR(A13="Cat. B Capsis Hotel Thessaloniki",A13="Cat. A Holiday Inn Thessaloniki",A13=""),0,120),) -> 0 | AE18: =IF(E18="Single",$A$9,IF(E18="Double",$B$9,IF(E18="Triple",$C$9,0))) -> 0 | AF18: =AE18*H18 -> 0 | AG18: =SUM(I18:O18)*$F$9 -> 0 | AH18: =(P18+Q18)*$H$9 -> 0 | AI18: {=SUM(R18:AA18*$G$9)} -> 0 | AJ18: =IF(TRIM(AB18)="YES", 60, 0) -> 0 | AK18: =AC18+AD18+AF18+AG18+AH18+AI18+AJ18 -> 0
H19: =G19-F19 -> 0 | AC19: =IF(D19="ATHLETE", $D$9, 0) -> 0 | AD19: =IF(NOT(ISBLANK(C19)),IF(OR(A13="Cat. B Capsis Hotel Thessaloniki",A13="Cat. A Holiday Inn Thessaloniki",A13=""),0,120),) -> 0 | AE19: =IF(E19="Single",$A$9,IF(E19="Double",$B$9,IF(E19="Triple",$C$9,0))) -> 0 | AF19: =AE19*H19 -> 0 | AG19: =SUM(I19:O19)*$F$9 -> 0 | AH19: =(P19+Q19)*$H$9 -> 0 | AI19: {=SUM(R19:AA19*$G$9)} -> 0 | AJ19: =IF(TRIM(AB19)="YES", 60, 0) -> 0 | AK19: =AC19+AD19+AF19+AG19+AH19+AI19+AJ19 -> 0 | AM19: LUNCH IN THE HOTEL | AN19: 30
H20: =G20-F20 -> 0 | AC20: =IF(D20="ATHLETE", $D$9, 0) -> 0 | AD20: =IF(NOT(ISBLANK(C20)),IF(OR(A13="Cat. B Capsis Hotel Thessaloniki",A13="Cat. A Holiday Inn Thessaloniki",A13=""),0,120),) -> 0 | AE20: =IF(E20="Single",$A$9,IF(E20="Double",$B$9,IF(E20="Triple",$C$9,0))) -> 0 | AF20: =AE20*H20 -> 0 | AG20: =SUM(I20:O20)*$F$9 -> 0 | AH20: =(P20+Q20)*$H$9 -> 0 | AI20: {=SUM(R20:AA20*$G$9)} -> 0 | AJ20: =IF(TRIM(AB20)="YES", 60, 0) -> 0 | AK20: =AC20+AD20+AF20+AG20+AH20+AI20+AJ20 -> 0 | AM20: Lunch box in the hall | AN20: 20
H21: =G21-F21 -> 0 | AC21: =IF(D21="ATHLETE", $D$9, 0) -> 0 | AD21: =IF(NOT(ISBLANK(C21)),IF(OR(A13="Cat. B Capsis Hotel Thessaloniki",A13="Cat. A Holiday Inn Thessaloniki",A13=""),0,120),) -> 0 | AE21: =IF(E21="Single",$A$9,IF(E21="Double",$B$9,IF(E21="Triple",$C$9,0))) -> 0 | AF21: =AE21*H21 -> 0 | AG21: =SUM(I21:O21)*$F$9 -> 0 | AH21: =(P21+Q21)*$H$9 -> 0 | AI21: {=SUM(R21:AA21*$G$9)} -> 0 | AJ21: =IF(TRIM(AB21)="YES", 60, 0) -> 0 | AK21: =AC21+AD21+AF21+AG21+AH21+AI21+AJ21 -> 0 | AM21: Dinner | AN21: 30
H22: =G22-F22 -> 0 | AC22: =IF(D22="ATHLETE", $D$9, 0) -> 0 | AD22: =IF(NOT(ISBLANK(C22)),IF(OR(A13="Cat. B Capsis Hotel Thessaloniki",A13="Cat. A Holiday Inn Thessaloniki",A13=""),0,120),) -> 0 | AE22: =IF(E22="Single",$A$9,IF(E22="Double",$B$9,IF(E22="Triple",$C$9,0))) -> 0 | AF22: =AE22*H22 -> 0 | AG22: =SUM(I22:O22)*$F$9 -> 0 | AH22: =(P22+Q22)*$H$9 -> 0 | AI22: {=SUM(R22:AA22*$G$9)} -> 0 | AJ22: =IF(TRIM(AB22)="YES", 60, 0) -> 0 | AK22: =AC22+AD22+AF22+AG22+AH22+AI22+AJ22 -> 0
H23: =G23-F23 -> 0 | AC23: =IF(D23="ATHLETE", $D$9, 0) -> 0 | AD23: =IF(NOT(ISBLANK(C23)),IF(OR(A13="Cat. B Capsis Hotel Thessaloniki",A13="Cat. A Holiday Inn Thessaloniki",A13=""),0,120),) -> 0 | AE23: =IF(E23="Single",$A$9,IF(E23="Double",$B$9,IF(E23="Triple",$C$9,0))) -> 0 | AF23: =AE23*H23 -> 0 | AG23: =SUM(I23:O23)*$F$9 -> 0 | AH23: =(P23+Q23)*$H$9 -> 0 | AI23: {=SUM(R23:AA23*$G$9)} -> 0 | AJ23: =IF(TRIM(AB23)="YES", 60, 0) -> 0 | AK23: =AC23+AD23+AF23+AG23+AH23+AI23+AJ23 -> 0
H24: =G24-F24 -> 0 | AC24: =IF(D24="ATHLETE", $D$9, 0) -> 0 | AD24: =IF(NOT(ISBLANK(C24)),IF(OR(A13="Cat. B Capsis Hotel Thessaloniki",A13="Cat. A Holiday Inn Thessaloniki",A13=""),0,120),) -> 0 | AE24: =IF(E24="Single",$A$9,IF(E24="Double",$B$9,IF(E24="Triple",$C$9,0))) -> 0 | AF24: =AE24*H24 -> 0 | AG24: =SUM(I24:O24)*$F$9 -> 0 | AH24: =(P24+Q24)*$H$9 -> 0 | AI24: {=SUM(R24:AA24*$G$9)} -> 0 | AJ24: =IF(TRIM(AB24)="YES", 60, 0) -> 0 | AK24: =AC24+AD24+AF24+AG24+AH24+AI24+AJ24 -> 0
H25: =G25-F25 -> 0 | AC25: =IF(D25="ATHLETE", $D$9, 0) -> 0 | AD25: =IF(NOT(ISBLANK(C25)),IF(OR(A13="Cat. B Capsis Hotel Thessaloniki",A13="Cat. A Holiday Inn Thessaloniki",A13=""),0,120),) -> 0 | AE25: =IF(E25="Single",$A$9,IF(E25="Double",$B$9,IF(E25="Triple",$C$9,0))) -> 0 | AF25: =AE25*H25 -> 0 | AG25: =SUM(I25:O25)*$F$9 -> 0 | AH25: =(P25+Q25)*$H$9 -> 0 | AI25: {=SUM(R25:AA25*$G$9)} -> 0 | AJ25: =IF(TRIM(AB25)="YES", 60, 0) -> 0 | AK25: =AC25+AD25+AF25+AG25+AH25+AI25+AJ25 -> 0 | AL25: Cat. B | AM25: Capsis Hotel Thessaloniki
H26: =G26-F26 -> 0 | AC26: =IF(D26="ATHLETE", $D$9, 0) -> 0 | AD26: =IF(NOT(ISBLANK(C26)),IF(OR(A13="Cat. B Capsis Hotel Thessaloniki",A13="Cat. A Holiday Inn Thessaloniki",A13=""),0,120),) -> 0 | AE26: =IF(E26="Single",$A$9,IF(E26="Double",$B$9,IF(E26="Triple",$C$9,0))) -> 0 | AF26: =AE26*H26 -> 0 | AG26: =SUM(I26:O26)*$F$9 -> 0 | AH26: =(P26+Q26)*$H$9 -> 0 | AI26: {=SUM(R26:AA26*$G$9)} -> 0 | AJ26: =IF(TRIM(AB26)="YES", 60, 0) -> 0 | AK26: =AC26+AD26+AF26+AG26+AH26+AI26+AJ26 -> 0 | AM26: B&B
H27: =G27-F27 -> 0 | AC27: =IF(D27="ATHLETE", $D$9, 0) -> 0 | AD27: =IF(NOT(ISBLANK(C27)),IF(OR(A13="Cat. B Capsis Hotel Thessaloniki",A13="Cat. A Holiday Inn Thessaloniki",A13=""),0,120),) -> 0 | AE27: =IF(E27="Single",$A$9,IF(E27="Double",$B$9,IF(E27="Triple",$C$9,0))) -> 0 | AF27: =AE27*H27 -> 0 | AG27: =SUM(I27:O27)*$F$9 -> 0 | AH27: =(P27+Q27)*$H$9 -> 0 | AI27: {=SUM(R27:AA27*$G$9)} -> 0 | AJ27: =IF(TRIM(AB27)="YES", 60, 0) -> 0 | AK27: =AC27+AD27+AF27+AG27+AH27+AI27+AJ27 -> 0 | AM27: Single room | AN27: 130
H28: =G28-F28 -> 0 | AC28: =IF(D28="ATHLETE", $D$9, 0) -> 0 | AD28: =IF(NOT(ISBLANK(C28)),IF(OR(A13="Cat. B Capsis Hotel Thessaloniki",A13="Cat. A Holiday Inn Thessaloniki",A13=""),0,120),) -> 0 | AE28: =IF(E28="Single",$A$9,IF(E28="Double",$B$9,IF(E28="Triple",$C$9,0))) -> 0 | AF28: =AE28*H28 -> 0 | AG28: =SUM(I28:O28)*$F$9 -> 0 | AH28: =(P28+Q28)*$H$9 -> 0 | AI28: {=SUM(R28:AA28*$G$9)} -> 0 | AJ28: =IF(TRIM(AB28)="YES", 60, 0) -> 0 | AK28: =AC28+AD28+AF28+AG28+AH28+AI28+AJ28 -> 0 | AM28: Double room | AN28: 98
H29: =G29-F29 -> 0 | AC29: =IF(D29="ATHLETE", $D$9, 0) -> 0 | AD29: =IF(NOT(ISBLANK(C29)),IF(OR(A13="Cat. B Capsis Hotel Thessaloniki",A13="Cat. A Holiday Inn Thessaloniki",A13=""),0,120),) -> 0 | AE29: =IF(E29="Single",$A$9,IF(E29="Double",$B$9,IF(E29="Triple",$C$9,0))) -> 0 | AF29: =AE29*H29 -> 0 | AG29: =SUM(I29:O29)*$F$9 -> 0 | AH29: =(P29+Q29)*$H$9 -> 0 | AI29: {=SUM(R29:AA29*$G$9)} -> 0 | AJ29: =IF(TRIM(AB29)="YES", 60, 0) -> 0 | AK29: =AC29+AD29+AF29+AG29+AH29+AI29+AJ29 -> 0 | AM29: Triple room | AN29: 80
H30: =G30-F30 -> 0 | AC30: =IF(D30="ATHLETE", $D$9, 0) -> 0 | AD30: =IF(NOT(ISBLANK(C30)),IF(OR(A13="Cat. B Capsis Hotel Thessaloniki",A13="Cat. A Holiday Inn Thessaloniki",A13=""),0,120),) -> 0 | AE30: =IF(E30="Single",$A$9,IF(E30="Double",$B$9,IF(E30="Triple",$C$9,0))) -> 0 | AF30: =AE30*H30 -> 0 | AG30: =SUM(I30:O30)*$F$9 -> 0 | AH30: =(P30+Q30)*$H$9 -> 0 | AI30: {=SUM(R30:AA30*$G$9)} -> 0 | AJ30: =IF(TRIM(AB30)="YES", 60, 0) -> 0 | AK30: =AC30+AD30+AF30+AG30+AH30+AI30+AJ30 -> 0
H31: =G31-F31 -> 0 | AC31: =IF(D31="ATHLETE", $D$9, 0) -> 0 | AD31: =IF(NOT(ISBLANK(C31)),IF(OR(A13="Cat. B Capsis Hotel Thessaloniki",A13="Cat. A Holiday Inn Thessaloniki",A13=""),0,120),) -> 0 | AE31: =IF(E31="Single",$A$9,IF(E31="Double",$B$9,IF(E31="Triple",$C$9,0))) -> 0 | AF31: =AE31*H31 -> 0 | AG31: =SUM(I31:O31)*$F$9 -> 0 | AH31: =(P31+Q31)*$H$9 -> 0 | AI31: {=SUM(R31:AA31*$G$9)} -> 0 | AJ31: =IF(TRIM(AB31)="YES", 60, 0) -> 0 | AK31: =AC31+AD31+AF31+AG31+AH31+AI31+AJ31 -> 0 | AM31: LUNCH IN THE HOTEL | AN31: 25
H32: =G32-F32 -> 0 | AC32: =IF(D32="ATHLETE", $D$9, 0) -> 0 | AD32: =IF(NOT(ISBLANK(C32)),IF(OR(A13="Cat. B Capsis Hotel Thessaloniki",A13="Cat. A Holiday Inn Thessaloniki",A13=""),0,120),) -> 0 | AE32: =IF(E32="Single",$A$9,IF(E32="Double",$B$9,IF(E32="Triple",$C$9,0))) -> 0 | AF32: =AE32*H32 -> 0 | AG32: =SUM(I32:O32)*$F$9 -> 0 | AH32: =(P32+Q32)*$H$9 -> 0 | AI32: {=SUM(R32:AA32*$G$9)} -> 0 | AJ32: =IF(TRIM(AB32)="YES", 60, 0) -> 0 | AK32: =AC32+AD32+AF32+AG32+AH32+AI32+AJ32 -> 0 | AM32: Lunch box in the hall | AN32: 20
H33: =G33-F33 -> 0 | AC33: =IF(D33="ATHLETE", $D$9, 0) -> 0 | AD33: =IF(NOT(ISBLANK(C33)),IF(OR(A13="Cat. B Capsis Hotel Thessaloniki",A13="Cat. A Holiday Inn Thessaloniki",A13=""),0,120),) -> 0 | AE33: =IF(E33="Single",$A$9,IF(E33="Double",$B$9,IF(E33="Triple",$C$9,0))) -> 0 | AF33: =AE33*H33 -> 0 | AG33: =SUM(I33:O33)*$F$9 -> 0 | AH33: =(P33+Q33)*$H$9 -> 0 | AI33: {=SUM(R33:AA33*$G$9)} -> 0 | AJ33: =IF(TRIM(AB33)="YES", 60, 0) -> 0 | AK33: =AC33+AD33+AF33+AG33+AH33+AI33+AJ33 -> 0 | AM33: Dinner | AN33: 25
H34: =G34-F34 -> 0 | AC34: =IF(D34="ATHLETE", $D$9, 0) -> 0 | AD34: =IF(NOT(ISBLANK(C34)),IF(OR(A13="Cat. B Capsis Hotel Thessaloniki",A13="Cat. A Holiday Inn Thessaloniki",A13=""),0,120),) -> 0 | AE34: =IF(E34="Single",$A$9,IF(E34="Double",$B$9,IF(E34="Triple",$C$9,0))) -> 0 | AF34: =AE34*H34 -> 0 | AG34: =SUM(I34:O34)*$F$9 -> 0 | AH34: =(P34+Q34)*$H$9 -> 0 | AI34: {=SUM(R34:AA34*$G$9)} -> 0 | AJ34: =IF(TRIM(AB34)="YES", 60, 0) -> 0 | AK34: =AC34+AD34+AF34+AG34+AH34+AI34+AJ34 -> 0
H35: =G35-F35 -> 0 | AC35: =IF(D35="ATHLETE", $D$9, 0) -> 0 | AD35: =IF(NOT(ISBLANK(C35)),IF(OR(A13="Cat. B Capsis Hotel Thessaloniki",A13="Cat. A Holiday Inn Thessaloniki",A13=""),0,120),) -> 0 | AE35: =IF(E35="Single",$A$9,IF(E35="Double",$B$9,IF(E35="Triple",$C$9,0))) -> 0 | AF35: =AE35*H35 -> 0 | AG35: =SUM(I35:O35)*$F$9 -> 0 | AH35: =(P35+Q35)*$H$9 -> 0 | AI35: {=SUM(R35:AA35*$G$9)} -> 0 | AJ35: =IF(TRIM(AB35)="YES", 60, 0) -> 0 | AK35: =AC35+AD35+AF35+AG35+AH35+AI35+AJ35 -> 0
H36: =G36-F36 -> 0 | AC36: =IF(D36="ATHLETE", $D$9, 0) -> 0 | AD36: =IF(NOT(ISBLANK(C36)),IF(OR(A13="Cat. B Capsis Hotel Thessaloniki",A13="Cat. A Holiday Inn Thessaloniki",A13=""),0,120),) -> 0 | AE36: =IF(E36="Single",$A$9,IF(E36="Double",$B$9,IF(E36="Triple",$C$9,0))) -> 0 | AF36: =AE36*H36 -> 0 | AG36: =SUM(I36:O36)*$F$9 -> 0 | AH36: =(P36+Q36)*$H$9 -> 0 | AI36: {=SUM(R36:AA36*$G$9)} -> 0 | AJ36: =IF(TRIM(AB36)="YES", 60, 0) -> 0 | AK36: =AC36+AD36+AF36+AG36+AH36+AI36+AJ36 -> 0
H37: =G37-F37 -> 0 | AC37: =IF(D37="ATHLETE", $D$9, 0) -> 0 | AD37: =IF(NOT(ISBLANK(C37)),IF(OR(A13="Cat. B Capsis Hotel Thessaloniki",A13="Cat. A Holiday Inn Thessaloniki",A13=""),0,120),) -> 0 | AE37: =IF(E37="Single",$A$9,IF(E37="Double",$B$9,IF(E37="Triple",$C$9,0))) -> 0 | AF37: =AE37*H37 -> 0 | AG37: =SUM(I37:O37)*$F$9 -> 0 | AH37: =(P37+Q37)*$H$9 -> 0 | AI37: {=SUM(R37:AA37*$G$9)} -> 0 | AJ37: =IF(TRIM(AB37)="YES", 60, 0) -> 0 | AK37: =AC37+AD37+AF37+AG37+AH37+AI37+AJ37 -> 0
H38: =G38-F38 -> 0 | AC38: =IF(D38="ATHLETE", $D$9, 0) -> 0 | AD38: =IF(NOT(ISBLANK(C38)),IF(OR(A13="Cat. B Capsis Hotel Thessaloniki",A13="Cat. A Holiday Inn Thessaloniki",A13=""),0,120),) -> 0 | AE38: =IF(E38="Single",$A$9,IF(E38="Double",$B$9,IF(E38="Triple",$C$9,0))) -> 0 | AF38: =AE38*H38 -> 0 | AG38: =SUM(I38:O38)*$F$9 -> 0 | AH38: =(P38+Q38)*$H$9 -> 0 | AI38: {=SUM(R38:AA38*$G$9)} -> 0 | AJ38: =IF(TRIM(AB38)="YES", 60, 0) -> 0 | AK38: =AC38+AD38+AF38+AG38+AH38+AI38+AJ38 -> 0 | AM38: ATHLETE
H39: =G39-F39 -> 0 | AC39: =IF(D39="ATHLETE", $D$9, 0) -> 0 | AD39: =IF(NOT(ISBLANK(C39)),IF(OR(A13="Cat. B Capsis Hotel Thessaloniki",A13="Cat. A Holiday Inn Thessaloniki",A13=""),0,120),) -> 0 | AE39: =IF(E39="Single",$A$9,IF(E39="Double",$B$9,IF(E39="Triple",$C$9,0))) -> 0 | AF39: =AE39*H39 -> 0 | AG39: =SUM(I39:O39)*$F$9 -> 0 | AH39: =(P39+Q39)*$H$9 -> 0 | AI39: {=SUM(R39:AA39*$G$9)} -> 0 | AJ39: =IF(TRIM(AB39)="YES", 60, 0) -> 0 | AK39: =AC39+AD39+AF39+AG39+AH39+AI39+AJ39 -> 0 | AM39: COACH
H40: =G40-F40 -> 0 | AC40: =IF(D40="ATHLETE", $D$9, 0) -> 0 | AD40: =IF(NOT(ISBLANK(C40)),IF(OR(A13="Cat. B Capsis Hotel Thessaloniki",A13="Cat. A Holiday Inn Thessaloniki",A13=""),0,120),) -> 0 | AE40: =IF(E40="Single",$A$9,IF(E40="Double",$B$9,IF(E40="Triple",$C$9,0))) -> 0 | AF40: =AE40*H40 -> 0 | AG40: =SUM(I40:O40)*$F$9 -> 0 | AH40: =(P40+Q40)*$H$9 -> 0 | AI40: {=SUM(R40:AA40*$G$9)} -> 0 | AJ40: =IF(TRIM(AB40)="YES", 60, 0) -> 0 | AK40: =AC40+AD40+AF40+AG40+AH40+AI40+AJ40 -> 0 | AM40: REFEREE
H41: =G41-F41 -> 0 | AC41: =IF(D41="ATHLETE", $D$9, 0) -> 0 | AD41: =IF(NOT(ISBLANK(C41)),IF(OR(A13="Cat. B Capsis Hotel Thessaloniki",A13="Cat. A Holiday Inn Thessaloniki",A13=""),0,120),) -> 0 | AE41: =IF(E41="Single",$A$9,IF(E41="Double",$B$9,IF(E41="Triple",$C$9,0))) -> 0 | AF41: =AE41*H41 -> 0 | AG41: =SUM(I41:O41)*$F$9 -> 0 | AH41: =(P41+Q41)*$H$9 -> 0 | AI41: {=SUM(R41:AA41*$G$9)} -> 0 | AJ41: =IF(TRIM(AB41)="YES", 60, 0) -> 0 | AK41: =AC41+AD41+AF41+AG41+AH41+AI41+AJ41 -> 0 | AM41: DELEGATE
H42: =G42-F42 -> 0 | AC42: =IF(D42="ATHLETE", $D$9, 0) -> 0 | AD42: =IF(NOT(ISBLANK(C42)),IF(OR(A13="Cat. B Capsis Hotel Thessaloniki",A13="Cat. A Holiday Inn Thessaloniki",A13=""),0,120),) -> 0 | AE42: =IF(E42="Single",$A$9,IF(E42="Double",$B$9,IF(E42="Triple",$C$9,0))) -> 0 | AF42: =AE42*H42 -> 0 | AG42: =SUM(I42:O42)*$F$9 -> 0 | AH42: =(P42+Q42)*$H$9 -> 0 | AI42: {=SUM(R42:AA42*$G$9)} -> 0 | AJ42: =IF(TRIM(AB42)="YES", 60, 0) -> 0 | AK42: =AC42+AD42+AF42+AG42+AH42+AI42+AJ42 -> 0
H43: =G43-F43 -> 0 | AC43: =IF(D43="ATHLETE", $D$9, 0) -> 0 | AD43: =IF(NOT(ISBLANK(C43)),IF(OR(A13="Cat. B Capsis Hotel Thessaloniki",A13="Cat. A Holiday Inn Thessaloniki",A13=""),0,120),) -> 0 | AE43: =IF(E43="Single",$A$9,IF(E43="Double",$B$9,IF(E43="Triple",$C$9,0))) -> 0 | AF43: =AE43*H43 -> 0 | AG43: =SUM(I43:O43)*$F$9 -> 0 | AH43: =(P43+Q43)*$H$9 -> 0 | AI43: {=SUM(R43:AA43*$G$9)} -> 0 | AJ43: =IF(TRIM(AB43)="YES", 60, 0) -> 0 | AK43: =AC43+AD43+AF43+AG43+AH43+AI43+AJ43 -> 0
H44: =G44-F44 -> 0 | AC44: =IF(D44="ATHLETE", $D$9, 0) -> 0 | AD44: =IF(NOT(ISBLANK(C44)),IF(OR(A13="Cat. B Capsis Hotel Thessaloniki",A13="Cat. A Holiday Inn Thessaloniki",A13=""),0,120),) -> 0 | AE44: =IF(E44="Single",$A$9,IF(E44="Double",$B$9,IF(E44="Triple",$C$9,0))) -> 0 | AF44: =AE44*H44 -> 0 | AG44: =SUM(I44:O44)*$F$9 -> 0 | AH44: =(P44+Q44)*$H$9 -> 0 | AI44: {=SUM(R44:AA44*$G$9)} -> 0 | AJ44: =IF(TRIM(AB44)="YES", 60, 0) -> 0 | AK44: =AC44+AD44+AF44+AG44+AH44+AI44+AJ44 -> 0 | AM44: Room Type
H45: =G45-F45 -> 0 | AC45: =IF(D45="ATHLETE", $D$9, 0) -> 0 | AD45: =IF(NOT(ISBLANK(C45)),IF(OR(A13="Cat. B Capsis Hotel Thessaloniki",A13="Cat. A Holiday Inn Thessaloniki",A13=""),0,120),) -> 0 | AE45: =IF(E45="Single",$A$9,IF(E45="Double",$B$9,IF(E45="Triple",$C$9,0))) -> 0 | AF45: =AE45*H45 -> 0 | AG45: =SUM(I45:O45)*$F$9 -> 0 | AH45: =(P45+Q45)*$H$9 -> 0 | AI45: {=SUM(R45:AA45*$G$9)} -> 0 | AJ45: =IF(TRIM(AB45)="YES", 60, 0) -> 0 | AK45: =AC45+AD45+AF45+AG45+AH45+AI45+AJ45 -> 0 | AM45: Single
H46: =G46-F46 -> 0 | AC46: =IF(D46="ATHLETE", $D$9, 0) -> 0 | AD46: =IF(NOT(ISBLANK(C46)),IF(OR(A46="Cat. B Capsis Hotel Thessaloniki",A46="Cat. A Holiday Inn Thessaloniki",A46=""),0,120),) -> 0 | AE46: =IF(E46="Single",$A$9,IF(E46="Double",$B$9,IF(E46="Triple",$C$9,0))) -> 0 | AF46: =AE46*H46 -> 0 | AG46: =SUM(I46:O46)*$F$9 -> 0 | AH46: =(P46+Q46)*$H$9 -> 0 | AI46: {=SUM(R46:AA46*$G$9)} -> 0 | AJ46: =IF(TRIM(AB46)="YES", 60, 0) -> 0 | AK46: =AC46+AD46+AF46+AG46+AH46+AI46+AJ46 -> 0 | AM46: Double
H47: =G47-F47 -> 0 | AC47: =IF(D47="ATHLETE", $D$9, 0) -> 0 | AD47: =IF(NOT(ISBLANK(C47)),IF(OR(A13="Cat. B Capsis Hotel Thessaloniki",A13="Cat. A Holiday Inn Thessaloniki",A13=""),0,120),) -> 0 | AE47: =IF(E47="Single",$A$9,IF(E47="Double",$B$9,IF(E47="Triple",$C$9,0))) -> 0 | AF47: =AE47*H47 -> 0 | AG47: =SUM(I47:O47)*$F$9 -> 0 | AH47: =(P47+Q47)*$H$9 -> 0 | AI47: {=SUM(R47:AA47*$G$9)} -> 0 | AJ47: =IF(TRIM(AB47)="YES", 60, 0) -> 0 | AK47: =AC47+AD47+AF47+AG47+AH47+AI47+AJ47 -> 0 | AM47: Triple
H48: =G48-F48 -> 0 | AC48: =IF(D48="ATHLETE", $D$9, 0) -> 0 | AD48: =IF(NOT(ISBLANK(C48)),IF(OR(A13="Cat. B Capsis Hotel Thessaloniki",A13="Cat. A Holiday Inn Thessaloniki",A13=""),0,120),) -> 0 | AE48: =IF(E48="Single",$A$9,IF(E48="Double",$B$9,IF(E48="Triple",$C$9,0))) -> 0 | AF48: =AE48*H48 -> 0 | AG48: =SUM(I48:O48)*$F$9 -> 0 | AH48: =(P48+Q48)*$H$9 -> 0 | AI48: {=SUM(R48:AA48*$G$9)} -> 0 | AJ48: =IF(TRIM(AB48)="YES", 60, 0) -> 0 | AK48: =AC48+AD48+AF48+AG48+AH48+AI48+AJ48 -> 0 | AM48: OWN ACCOMMODATION
H49: =G49-F49 -> 0 | AC49: =IF(D49="ATHLETE", $D$9, 0) -> 0 | AD49: =IF(NOT(ISBLANK(C49)),IF(OR(A13="Cat. B Capsis Hotel Thessaloniki",A13="Cat. A Holiday Inn Thessaloniki",A13=""),0,120),) -> 0 | AE49: =IF(E49="Single",$A$9,IF(E49="Double",$B$9,IF(E49="Triple",$C$9,0))) -> 0 | AF49: =AE49*H49 -> 0 | AG49: =SUM(I49:O49)*$F$9 -> 0 | AH49: =(P49+Q49)*$H$9 -> 0 | AI49: {=SUM(R49:AA49*$G$9)} -> 0 | AJ49: =IF(TRIM(AB49)="YES", 60, 0) -> 0 | AK49: =AC49+AD49+AF49+AG49+AH49+AI49+AJ49 -> 0
H50: =G50-F50 -> 0 | AC50: =IF(D50="ATHLETE", $D$9, 0) -> 0 | AD50: =IF(NOT(ISBLANK(C50)),IF(OR(A13="Cat. B Capsis Hotel Thessaloniki",A13="Cat. A Holiday Inn Thessaloniki",A13=""),0,120),) -> 0 | AE50: =IF(E50="Single",$A$9,IF(E50="Double",$B$9,IF(E50="Triple",$C$9,0))) -> 0 | AF50: =AE50*H50 -> 0 | AG50: =SUM(I50:O50)*$F$9 -> 0 | AH50: =(P50+Q50)*$H$9 -> 0 | AI50: {=SUM(R50:AA50*$G$9)} -> 0 | AJ50: =IF(TRIM(AB50)="YES", 60, 0) -> 0 | AK50: =AC50+AD50+AF50+AG50+AH50+AI50+AJ50 -> 0
H51: =G51-F51 -> 0 | AC51: =IF(D51="ATHLETE", $D$9, 0) -> 0 | AD51: =IF(NOT(ISBLANK(C51)),IF(OR(A13="Cat. B Capsis Hotel Thessaloniki",A13="Cat. A Holiday Inn Thessaloniki",A13=""),0,120),) -> 0 | AE51: =IF(E51="Single",$A$9,IF(E51="Double",$B$9,IF(E51="Triple",$C$9,0))) -> 0 | AF51: =AE51*H51 -> 0 | AG51: =SUM(I51:O51)*$F$9 -> 0 | AH51: =(P51+Q51)*$H$9 -> 0 | AI51: {=SUM(R51:AA51*$G$9)} -> 0 | AJ51: =IF(TRIM(AB51)="YES", 60, 0) -> 0 | AK51: =AC51+AD51+AF51+AG51+AH51+AI51+AJ51 -> 0
H52: =G52-F52 -> 0 | AC52: =IF(D52="ATHLETE", $D$9, 0) -> 0 | AD52: =IF(NOT(ISBLANK(C52)),IF(OR(A13="Cat. B Capsis Hotel Thessaloniki",A13="Cat. A Holiday Inn Thessaloniki",A13=""),0,120),) -> 0 | AE52: =IF(E52="Single",$A$9,IF(E52="Double",$B$9,IF(E52="Triple",$C$9,0))) -> 0 | AF52: =AE52*H52 -> 0 | AG52: =SUM(I52:O52)*$F$9 -> 0 | AH52: =(P52+Q52)*$H$9 -> 0 | AI52: {=SUM(R52:AA52*$G$9)} -> 0 | AJ52: =IF(TRIM(AB52)="YES", 60, 0) -> 0 | AK52: =AC52+AD52+AF52+AG52+AH52+AI52+AJ52 -> 0 | AM52: LUNCH IN THE HOTEL
H53: =G53-F53 -> 0 | AC53: =IF(D53="ATHLETE", $D$9, 0) -> 0 | AD53: =IF(NOT(ISBLANK(C53)),IF(OR(A13="Cat. B Capsis Hotel Thessaloniki",A13="Cat. A Holiday Inn Thessaloniki",A13=""),0,120),) -> 0 | AE53: =IF(E53="Single",$A$9,IF(E53="Double",$B$9,IF(E53="Triple",$C$9,0))) -> 0 | AF53: =AE53*H53 -> 0 | AG53: =SUM(I53:O53)*$F$9 -> 0 | AH53: =(P53+Q53)*$H$9 -> 0 | AI53: {=SUM(R53:AA53*$G$9)} -> 0 | AJ53: =IF(TRIM(AB53)="YES", 60, 0) -> 0 | AK53: =AC53+AD53+AF53+AG53+AH53+AI53+AJ53 -> 0 | AM53: LUNCH BOX
H54: =G54-F54 -> 0 | AC54: =IF(D54="ATHLETE", $D$9, 0) -> 0 | AD54: =IF(NOT(ISBLANK(C54)),IF(OR(A13="Cat. B Capsis Hotel Thessaloniki",A13="Cat. A Holiday Inn Thessaloniki",A13=""),0,120),) -> 0 | AE54: =IF(E54="Single",$A$9,IF(E54="Double",$B$9,IF(E54="Triple",$C$9,0))) -> 0 | AF54: =AE54*H54 -> 0 | AG54: =SUM(I54:O54)*$F$9 -> 0 | AH54: =(P54+Q54)*$H$9 -> 0 | AI54: {=SUM(R54:AA54*$G$9)} -> 0 | AJ54: =IF(TRIM(AB54)="YES", 60, 0) -> 0 | AK54: =AC54+AD54+AF54+AG54+AH54+AI54+AJ54 -> 0 | AM54: NO
H55: =G55-F55 -> 0 | AC55: =IF(D55="ATHLETE", $D$9, 0) -> 0 | AD55: =IF(NOT(ISBLANK(C55)),IF(OR(A13="Cat. B Capsis Hotel Thessaloniki",A13="Cat. A Holiday Inn Thessaloniki",A13=""),0,120),) -> 0 | AE55: =IF(E55="Single",$A$9,IF(E55="Double",$B$9,IF(E55="Triple",$C$9,0))) -> 0 | AF55: =AE55*H55 -> 0 | AG55: =SUM(I55:O55)*$F$9 -> 0 | AH55: =(P55+Q55)*$H$9 -> 0 | AI55: {=SUM(R55:AA55*$G$9)} -> 0 | AJ55: =IF(TRIM(AB55)="YES", 60, 0) -> 0 | AK55: =AC55+AD55+AF55+AG55+AH55+AI55+AJ55 -> 0
H56: =G56-F56 -> 0 | AC56: =IF(D56="ATHLETE", $D$9, 0) -> 0 | AD56: =IF(NOT(ISBLANK(C56)),IF(OR(A13="Cat. B Capsis Hotel Thessaloniki",A13="Cat. A Holiday Inn Thessaloniki",A13=""),0,120),) -> 0 | AE56: =IF(E56="Single",$A$9,IF(E56="Double",$B$9,IF(E56="Triple",$C$9,0))) -> 0 | AF56: =AE56*H56 -> 0 | AG56: =SUM(I56:O56)*$F$9 -> 0 | AH56: =(P56+Q56)*$H$9 -> 0 | AI56: {=SUM(R56:AA56*$G$9)} -> 0 | AJ56: =IF(TRIM(AB56)="YES", 60, 0) -> 0 | AK56: =AC56+AD56+AF56+AG56+AH56+AI56+AJ56 -> 0
H57: =G57-F57 -> 0 | AC57: =IF(D57="ATHLETE", $D$9, 0) -> 0 | AD57: =IF(NOT(ISBLANK(C57)),IF(OR(A13="Cat. B Capsis Hotel Thessaloniki",A13="Cat. A Holiday Inn Thessaloniki",A13=""),0,120),) -> 0 | AE57: =IF(E57="Single",$A$9,IF(E57="Double",$B$9,IF(E57="Triple",$C$9,0))) -> 0 | AF57: =AE57*H57 -> 0 | AG57: =SUM(I57:O57)*$F$9 -> 0 | AH57: =(P57+Q57)*$H$9 -> 0 | AI57: {=SUM(R57:AA57*$G$9)} -> 0 | AJ57: =IF(TRIM(AB57)="YES", 60, 0) -> 0 | AK57: =AC57+AD57+AF57+AG57+AH57+AI57+AJ57 -> 0 | AM57: YES
H58: =G58-F58 -> 0 | AC58: =IF(D58="ATHLETE", $D$9, 0) -> 0 | AD58: =IF(NOT(ISBLANK(C58)),IF(OR(A13="Cat. B Capsis Hotel Thessaloniki",A13="Cat. A Holiday Inn Thessaloniki",A13=""),0,120),) -> 0 | AE58: =IF(E58="Single",$A$9,IF(E58="Double",$B$9,IF(E58="Triple",$C$9,0))) -> 0 | AF58: =AE58*H58 -> 0 | AG58: =SUM(I58:O58)*$F$9 -> 0 | AH58: =(P58+Q58)*$H$9 -> 0 | AI58: {=SUM(R58:AA58*$G$9)} -> 0 | AJ58: =IF(TRIM(AB58)="YES", 60, 0) -> 0 | AK58: =AC58+AD58+AF58+AG58+AH58+AI58+AJ58 -> 0 | AM58: NO
H59: =G59-F59 -> 0 | AC59: =IF(D59="ATHLETE", $D$9, 0) -> 0 | AD59: =IF(NOT(ISBLANK(C59)),IF(OR(A13="Cat. B Capsis Hotel Thessaloniki",A13="Cat. A Holiday Inn Thessaloniki",A13=""),0,120),) -> 0 | AE59: =IF(E59="Single",$A$9,IF(E59="Double",$B$9,IF(E59="Triple",$C$9,0))) -> 0 | AF59: =AE59*H59 -> 0 | AG59: =SUM(I59:O59)*$F$9 -> 0 | AH59: =(P59+Q59)*$H$9 -> 0 | AI59: {=SUM(R59:AA59*$G$9)} -> 0 | AJ59: =IF(TRIM(AB59)="YES", 60, 0) -> 0 | AK59: =AC59+AD59+AF59+AG59+AH59+AI59+AJ59 -> 0
H60: =G60-F60 -> 0 | AC60: =IF(D60="ATHLETE", $D$9, 0) -> 0 | AD60: =IF(NOT(ISBLANK(C60)),IF(OR(A13="Cat. B Capsis Hotel Thessaloniki",A13="Cat. A Holiday Inn Thessaloniki",A13=""),0,120),) -> 0 | AE60: =IF(E60="Single",$A$9,IF(E60="Double",$B$9,IF(E60="Triple",$C$9,0))) -> 0 | AF60: =AE60*H60 -> 0 | AG60: =SUM(I60:O60)*$F$9 -> 0 | AH60: =(P60+Q60)*$H$9 -> 0 | AI60: {=SUM(R60:AA60*$G$9)} -> 0 | AJ60: =IF(TRIM(AB60)="YES", 60, 0) -> 0 | AK60: =AC60+AD60+AF60+AG60+AH60+AI60+AJ60 -> 0
H61: =G61-F61 -> 0 | AC61: =IF(D61="ATHLETE", $D$9, 0) -> 0 | AD61: =IF(NOT(ISBLANK(C61)),IF(OR(A13="Cat. B Capsis Hotel Thessaloniki",A13="Cat. A Holiday Inn Thessaloniki",A13=""),0,120),) -> 0 | AE61: =IF(E61="Single",$A$9,IF(E61="Double",$B$9,IF(E61="Triple",$C$9,0))) -> 0 | AF61: =AE61*H61 -> 0 | AG61: =SUM(I61:O61)*$F$9 -> 0 | AH61: =(P61+Q61)*$H$9 -> 0 | AI61: {=SUM(R61:AA61*$G$9)} -> 0 | AJ61: =IF(TRIM(AB61)="YES", 60, 0) -> 0 | AK61: =AC61+AD61+AF61+AG61+AH61+AI61+AJ61 -> 0
H62: =G62-F62 -> 0 | AC62: =IF(D62="ATHLETE", $D$9, 0) -> 0 | AD62: =IF(NOT(ISBLANK(C62)),IF(OR(A13="Cat. B Capsis Hotel Thessaloniki",A13="Cat. A Holiday Inn Thessaloniki",A13=""),0,120),) -> 0 | AE62: =IF(E62="Single",$A$9,IF(E62="Double",$B$9,IF(E62="Triple",$C$9,0))) -> 0 | AF62: =AE62*H62 -> 0 | AG62: =SUM(I62:O62)*$F$9 -> 0 | AH62: =(P62+Q62)*$H$9 -> 0 | AI62: {=SUM(R62:AA62*$G$9)} -> 0 | AJ62: =IF(TRIM(AB62)="YES", 60, 0) -> 0 | AK62: =AC62+AD62+AF62+AG62+AH62+AI62+AJ62 -> 0
H63: =G63-F63 -> 0 | AC63: =IF(D63="ATHLETE", $D$9, 0) -> 0 | AD63: =IF(NOT(ISBLANK(C63)),IF(OR(A13="Cat. B Capsis Hotel Thessaloniki",A13="Cat. A Holiday Inn Thessaloniki",A13=""),0,120),) -> 0 | AE63: =IF(E63="Single",$A$9,IF(E63="Double",$B$9,IF(E63="Triple",$C$9,0))) -> 0 | AF63: =AE63*H63 -> 0 | AG63: =SUM(I63:O63)*$F$9 -> 0 | AH63: =(P63+Q63)*$H$9 -> 0 | AI63: {=SUM(R63:AA63*$G$9)} -> 0 | AJ63: =IF(TRIM(AB63)="YES", 60, 0) -> 0 | AK63: =AC63+AD63+AF63+AG63+AH63+AI63+AJ63 -> 0 | AM63: CHECK IN
H64: =G64-F64 -> 0 | AC64: =IF(D64="ATHLETE", $D$9, 0) -> 0 | AD64: =IF(NOT(ISBLANK(C64)),IF(OR(A13="Cat. B Capsis Hotel Thessaloniki",A13="Cat. A Holiday Inn Thessaloniki",A13=""),0,120),) -> 0 | AE64: =IF(E64="Single",$A$9,IF(E64="Double",$B$9,IF(E64="Triple",$C$9,0))) -> 0 | AF64: =AE64*H64 -> 0 | AG64: =SUM(I64:O64)*$F$9 -> 0 | AH64: =(P64+Q64)*$H$9 -> 0 | AI64: {=SUM(R64:AA64*$G$9)} -> 0 | AJ64: =IF(TRIM(AB64)="YES", 60, 0) -> 0 | AK64: =AC64+AD64+AF64+AG64+AH64+AI64+AJ64 -> 0 | AM64: 46345
H65: =G65-F65 -> 0 | AC65: =IF(D65="ATHLETE", $D$9, 0) -> 0 | AD65: =IF(NOT(ISBLANK(C65)),IF(OR(A13="Cat. B Capsis Hotel Thessaloniki",A13="Cat. A Holiday Inn Thessaloniki",A13=""),0,120),) -> 0 | AE65: =IF(E65="Single",$A$9,IF(E65="Double",$B$9,IF(E65="Triple",$C$9,0))) -> 0 | AF65: =AE65*H65 -> 0 | AG65: =SUM(I65:O65)*$F$9 -> 0 | AH65: =(P65+Q65)*$H$9 -> 0 | AI65: {=SUM(R65:AA65*$G$9)} -> 0 | AJ65: =IF(TRIM(AB65)="YES", 60, 0) -> 0 | AK65: =AC65+AD65+AF65+AG65+AH65+AI65+AJ65 -> 0 | AM65: 46346
H66: =G66-F66 -> 0 | AC66: =IF(D66="ATHLETE", $D$9, 0) -> 0 | AD66: =IF(NOT(ISBLANK(C66)),IF(OR(A13="Cat. B Capsis Hotel Thessaloniki",A13="Cat. A Holiday Inn Thessaloniki",A13=""),0,120),) -> 0 | AE66: =IF(E66="Single",$A$9,IF(E66="Double",$B$9,IF(E66="Triple",$C$9,0))) -> 0 | AF66: =AE66*H66 -> 0 | AG66: =SUM(I66:O66)*$F$9 -> 0 | AH66: =(P66+Q66)*$H$9 -> 0 | AI66: {=SUM(R66:AA66*$G$9)} -> 0 | AJ66: =IF(TRIM(AB66)="YES", 60, 0) -> 0 | AK66: =AC66+AD66+AF66+AG66+AH66+AI66+AJ66 -> 0 | AM66: 46347
H67: =G67-F67 -> 0 | AC67: =IF(D67="ATHLETE", $D$9, 0) -> 0 | AD67: =IF(NOT(ISBLANK(C67)),IF(OR(A13="Cat. B Capsis Hotel Thessaloniki",A13="Cat. A Holiday Inn Thessaloniki",A13=""),0,120),) -> 0 | AE67: =IF(E67="Single",$A$9,IF(E67="Double",$B$9,IF(E67="Triple",$C$9,0))) -> 0 | AF67: =AE67*H67 -> 0 | AG67: =SUM(I67:O67)*$F$9 -> 0 | AH67: =(P67+Q67)*$H$9 -> 0 | AI67: {=SUM(R67:AA67*$G$9)} -> 0 | AJ67: =IF(TRIM(AB67)="YES", 60, 0) -> 0 | AK67: =AC67+AD67+AF67+AG67+AH67+AI67+AJ67 -> 0 | AM67: 46348
H68: =G68-F68 -> 0 | AC68: =IF(D68="ATHLETE", $D$9, 0) -> 0 | AD68: =IF(NOT(ISBLANK(C68)),IF(OR(A13="Cat. B Capsis Hotel Thessaloniki",A13="Cat. A Holiday Inn Thessaloniki",A13=""),0,120),) -> 0 | AE68: =IF(E68="Single",$A$9,IF(E68="Double",$B$9,IF(E68="Triple",$C$9,0))) -> 0 | AF68: =AE68*H68 -> 0 | AG68: =SUM(I68:O68)*$F$9 -> 0 | AH68: =(P68+Q68)*$H$9 -> 0 | AI68: {=SUM(R68:AA68*$G$9)} -> 0 | AJ68: =IF(TRIM(AB68)="YES", 60, 0) -> 0 | AK68: =AC68+AD68+AF68+AG68+AH68+AI68+AJ68 -> 0 | AM68: 46349
H69: =G69-F69 -> 0 | AC69: =IF(D69="ATHLETE", $D$9, 0) -> 0 | AD69: =IF(NOT(ISBLANK(C69)),IF(OR(A13="Cat. B Capsis Hotel Thessaloniki",A13="Cat. A Holiday Inn Thessaloniki",A13=""),0,120),) -> 0 | AE69: =IF(E69="Single",$A$9,IF(E69="Double",$B$9,IF(E69="Triple",$C$9,0))) -> 0 | AF69: =AE69*H69 -> 0 | AG69: =SUM(I69:O69)*$F$9 -> 0 | AH69: =(P69+Q69)*$H$9 -> 0 | AI69: {=SUM(R69:AA69*$G$9)} -> 0 | AJ69: =IF(TRIM(AB69)="YES", 60, 0) -> 0 | AK69: =AC69+AD69+AF69+AG69+AH69+AI69+AJ69 -> 0
H70: =G70-F70 -> 0 | AC70: =IF(D70="ATHLETE", $D$9, 0) -> 0 | AD70: =IF(NOT(ISBLANK(C70)),IF(OR(A13="Cat. B Capsis Hotel Thessaloniki",A13="Cat. A Holiday Inn Thessaloniki",A13=""),0,120),) -> 0 | AE70: =IF(E70="Single",$A$9,IF(E70="Double",$B$9,IF(E70="Triple",$C$9,0))) -> 0 | AF70: =AE70*H70 -> 0 | AG70: =SUM(I70:O70)*$F$9 -> 0 | AH70: =(P70+Q70)*$H$9 -> 0 | AI70: {=SUM(R70:AA70*$G$9)} -> 0 | AJ70: =IF(TRIM(AB70)="YES", 60, 0) -> 0 | AK70: =AC70+AD70+AF70+AG70+AH70+AI70+AJ70 -> 0
H71: =G71-F71 -> 0 | AC71: =IF(D71="ATHLETE", $D$9, 0) -> 0 | AD71: =IF(NOT(ISBLANK(C71)),IF(OR(A13="Cat. B Capsis Hotel Thessaloniki",A13="Cat. A Holiday Inn Thessaloniki",A13=""),0,120),) -> 0 | AE71: =IF(E71="Single",$A$9,IF(E71="Double",$B$9,IF(E71="Triple",$C$9,0))) -> 0 | AF71: =AE71*H71 -> 0 | AG71: =SUM(I71:O71)*$F$9 -> 0 | AH71: =(P71+Q71)*$H$9 -> 0 | AI71: {=SUM(R71:AA71*$G$9)} -> 0 | AJ71: =IF(TRIM(AB71)="YES", 60, 0) -> 0 | AK71: =AC71+AD71+AF71+AG71+AH71+AI71+AJ71 -> 0
H72: =G72-F72 -> 0 | AC72: =IF(D72="ATHLETE", $D$9, 0) -> 0 | AD72: =IF(NOT(ISBLANK(C72)),IF(OR(A13="Cat. B Capsis Hotel Thessaloniki",A13="Cat. A Holiday Inn Thessaloniki",A13=""),0,120),) -> 0 | AE72: =IF(E72="Single",$A$9,IF(E72="Double",$B$9,IF(E72="Triple",$C$9,0))) -> 0 | AF72: =AE72*H72 -> 0 | AG72: =SUM(I72:O72)*$F$9 -> 0 | AH72: =(P72+Q72)*$H$9 -> 0 | AI72: {=SUM(R72:AA72*$G$9)} -> 0 | AJ72: =IF(TRIM(AB72)="YES", 60, 0) -> 0 | AK72: =AC72+AD72+AF72+AG72+AH72+AI72+AJ72 -> 0
H73: =G73-F73 -> 0 | AC73: =IF(D73="ATHLETE", $D$9, 0) -> 0 | AD73: =IF(NOT(ISBLANK(C73)),IF(OR(A13="Cat. B Capsis Hotel Thessaloniki",A13="Cat. A Holiday Inn Thessaloniki",A13=""),0,120),) -> 0 | AE73: =IF(E73="Single",$A$9,IF(E73="Double",$B$9,IF(E73="Triple",$C$9,0))) -> 0 | AF73: =AE73*H73 -> 0 | AG73: =SUM(I73:O73)*$F$9 -> 0 | AH73: =(P73+Q73)*$H$9 -> 0 | AI73: {=SUM(R73:AA73*$G$9)} -> 0 | AJ73: =IF(TRIM(AB73)="YES", 60, 0) -> 0 | AK73: =AC73+AD73+AF73+AG73+AH73+AI73+AJ73 -> 0 | AM73: CHECK OUT
H74: =G74-F74 -> 0 | AC74: =IF(D74="ATHLETE", $D$9, 0) -> 0 | AD74: =IF(NOT(ISBLANK(C74)),IF(OR(A13="Cat. B Capsis Hotel Thessaloniki",A13="Cat. A Holiday Inn Thessaloniki",A13=""),0,120),) -> 0 | AE74: =IF(E74="Single",$A$9,IF(E74="Double",$B$9,IF(E74="Triple",$C$9,0))) -> 0 | AF74: =AE74*H74 -> 0 | AG74: =SUM(I74:O74)*$F$9 -> 0 | AH74: =(P74+Q74)*$H$9 -> 0 | AI74: {=SUM(R74:AA74*$G$9)} -> 0 | AJ74: =IF(TRIM(AB74)="YES", 60, 0) -> 0 | AK74: =AC74+AD74+AF74+AG74+AH74+AI74+AJ74 -> 0 | AM74: 46347
H75: =G75-F75 -> 0 | AC75: =IF(D75="ATHLETE", $D$9, 0) -> 0 | AD75: =IF(NOT(ISBLANK(C75)),IF(OR(A13="Cat. B Capsis Hotel Thessaloniki",A13="Cat. A Holiday Inn Thessaloniki",A13=""),0,120),) -> 0 | AE75: =IF(E75="Single",$A$9,IF(E75="Double",$B$9,IF(E75="Triple",$C$9,0))) -> 0 | AF75: =AE75*H75 -> 0 | AG75: =SUM(I75:O75)*$F$9 -> 0 | AH75: =(P75+Q75)*$H$9 -> 0 | AI75: {=SUM(R75:AA75*$G$9)} -> 0 | AJ75: =IF(TRIM(AB75)="YES", 60, 0) -> 0 | AK75: =AC75+AD75+AF75+AG75+AH75+AI75+AJ75 -> 0 | AM75: 46348
H76: =G76-F76 -> 0 | AC76: =IF(D76="ATHLETE", $D$9, 0) -> 0 | AD76: =IF(NOT(ISBLANK(C76)),IF(OR(A13="Cat. B Capsis Hotel Thessaloniki",A13="Cat. A Holiday Inn Thessaloniki",A13=""),0,120),) -> 0 | AE76: =IF(E76="Single",$A$9,IF(E76="Double",$B$9,IF(E76="Triple",$C$9,0))) -> 0 | AF76: =AE76*H76 -> 0 | AG76: =SUM(I76:O76)*$F$9 -> 0 | AH76: =(P76+Q76)*$H$9 -> 0 | AI76: {=SUM(R76:AA76*$G$9)} -> 0 | AJ76: =IF(TRIM(AB76)="YES", 60, 0) -> 0 | AK76: =AC76+AD76+AF76+AG76+AH76+AI76+AJ76 -> 0 | AM76: 46349
H77: =G77-F77 -> 0 | AC77: =IF(D77="ATHLETE", $D$9, 0) -> 0 | AD77: =IF(NOT(ISBLANK(C77)),IF(OR(A13="Cat. B Capsis Hotel Thessaloniki",A13="Cat. A Holiday Inn Thessaloniki",A13=""),0,120),) -> 0 | AE77: =IF(E77="Single",$A$9,IF(E77="Double",$B$9,IF(E77="Triple",$C$9,0))) -> 0 | AF77: =AE77*H77 -> 0 | AG77: =SUM(I77:O77)*$F$9 -> 0 | AH77: =(P77+Q77)*$H$9 -> 0 | AI77: {=SUM(R77:AA77*$G$9)} -> 0 | AJ77: =IF(TRIM(AB77)="YES", 60, 0) -> 0 | AK77: =AC77+AD77+AF77+AG77+AH77+AI77+AJ77 -> 0 | AM77: 46350
H78: =G78-F78 -> 0 | AC78: =IF(D78="ATHLETE", $D$9, 0) -> 0 | AD78: =IF(NOT(ISBLANK(C78)),IF(OR(A13="Cat. B Capsis Hotel Thessaloniki",A13="Cat. A Holiday Inn Thessaloniki",A13=""),0,120),) -> 0 | AE78: =IF(E78="Single",$A$9,IF(E78="Double",$B$9,IF(E78="Triple",$C$9,0))) -> 0 | AF78: =AE78*H78 -> 0 | AG78: =SUM(I78:O78)*$F$9 -> 0 | AH78: =(P78+Q78)*$H$9 -> 0 | AI78: {=SUM(R78:AA78*$G$9)} -> 0 | AJ78: =IF(TRIM(AB78)="YES", 60, 0) -> 0 | AK78: =AC78+AD78+AF78+AG78+AH78+AI78+AJ78 -> 0 | AM78: 46351
H79: =G79-F79 -> 0 | AC79: =IF(D79="ATHLETE", $D$9, 0) -> 0 | AD79: =IF(NOT(ISBLANK(C79)),IF(OR(A13="Cat. B Capsis Hotel Thessaloniki",A13="Cat. A Holiday Inn Thessaloniki",A13=""),0,120),) -> 0 | AE79: =IF(E79="Single",$A$9,IF(E79="Double",$B$9,IF(E79="Triple",$C$9,0))) -> 0 | AF79: =AE79*H79 -> 0 | AG79: =SUM(I79:O79)*$F$9 -> 0 | AH79: =(P79+Q79)*$H$9 -> 0 | AI79: {=SUM(R79:AA79*$G$9)} -> 0 | AJ79: =IF(TRIM(AB79)="YES", 60, 0) -> 0 | AK79: =AC79+AD79+AF79+AG79+AH79+AI79+AJ79 -> 0
H80: =G80-F80 -> 0 | AC80: =IF(D80="ATHLETE", $D$9, 0) -> 0 | AD80: =IF(NOT(ISBLANK(C80)),IF(OR(A13="Cat. B Capsis Hotel Thessaloniki",A13="Cat. A Holiday Inn Thessaloniki",A13=""),0,120),) -> 0 | AE80: =IF(E80="Single",$A$9,IF(E80="Double",$B$9,IF(E80="Triple",$C$9,0))) -> 0 | AF80: =AE80*H80 -> 0 | AG80: =SUM(I80:O80)*$F$9 -> 0 | AH80: =(P80+Q80)*$H$9 -> 0 | AI80: {=SUM(R80:AA80*$G$9)} -> 0 | AJ80: =IF(TRIM(AB80)="YES", 60, 0) -> 0 | AK80: =AC80+AD80+AF80+AG80+AH80+AI80+AJ80 -> 0
H81: =G81-F81 -> 0 | AC81: =IF(D81="ATHLETE", $D$9, 0) -> 0 | AD81: =IF(NOT(ISBLANK(C81)),IF(OR(A13="Cat. B Capsis Hotel Thessaloniki",A13="Cat. A Holiday Inn Thessaloniki",A13=""),0,120),) -> 0 | AE81: =IF(E81="Single",$A$9,IF(E81="Double",$B$9,IF(E81="Triple",$C$9,0))) -> 0 | AF81: =AE81*H81 -> 0 | AG81: =SUM(I81:O81)*$F$9 -> 0 | AH81: =(P81+Q81)*$H$9 -> 0 | AI81: {=SUM(R81:AA81*$G$9)} -> 0 | AJ81: =IF(TRIM(AB81)="YES", 60, 0) -> 0 | AK81: =AC81+AD81+AF81+AG81+AH81+AI81+AJ81 -> 0
H82: =G82-F82 -> 0 | AC82: =IF(D82="ATHLETE", $D$9, 0) -> 0 | AD82: =IF(NOT(ISBLANK(C82)),IF(OR(A13="Cat. B Capsis Hotel Thessaloniki",A13="Cat. A Holiday Inn Thessaloniki",A13=""),0,120),) -> 0 | AE82: =IF(E82="Single",$A$9,IF(E82="Double",$B$9,IF(E82="Triple",$C$9,0))) -> 0 | AF82: =AE82*H82 -> 0 | AG82: =SUM(I82:O82)*$F$9 -> 0 | AH82: =(P82+Q82)*$H$9 -> 0 | AI82: {=SUM(R82:AA82*$G$9)} -> 0 | AJ82: =IF(TRIM(AB82)="YES", 60, 0) -> 0 | AK82: =AC82+AD82+AF82+AG82+AH82+AI82+AJ82 -> 0
H83: =G83-F83 -> 0 | AC83: =IF(D83="ATHLETE", $D$9, 0) -> 0 | AD83: =IF(NOT(ISBLANK(C83)),IF(OR(A13="Cat. B Capsis Hotel Thessaloniki",A13="Cat. A Holiday Inn Thessaloniki",A13=""),0,120),) -> 0 | AE83: =IF(E83="Single",$A$9,IF(E83="Double",$B$9,IF(E83="Triple",$C$9,0))) -> 0 | AF83: =AE83*H83 -> 0 | AG83: =SUM(I83:O83)*$F$9 -> 0 | AH83: =(P83+Q83)*$H$9 -> 0 | AI83: {=SUM(R83:AA83*$G$9)} -> 0 | AJ83: =IF(TRIM(AB83)="YES", 60, 0) -> 0 | AK83: =AC83+AD83+AF83+AG83+AH83+AI83+AJ83 -> 0 | AM83: Lunch in the hotel
H84: =G84-F84 -> 0 | AC84: =IF(D84="ATHLETE", $D$9, 0) -> 0 | AD84: =IF(NOT(ISBLANK(C84)),IF(OR(A13="Cat. B Capsis Hotel Thessaloniki",A13="Cat. A Holiday Inn Thessaloniki",A13=""),0,120),) -> 0 | AE84: =IF(E84="Single",$A$9,IF(E84="Double",$B$9,IF(E84="Triple",$C$9,0))) -> 0 | AF84: =AE84*H84 -> 0 | AG84: =SUM(I84:O84)*$F$9 -> 0 | AH84: =(P84+Q84)*$H$9 -> 0 | AI84: {=SUM(R84:AA84*$G$9)} -> 0 | AJ84: =IF(TRIM(AB84)="YES", 60, 0) -> 0 | AK84: =AC84+AD84+AF84+AG84+AH84+AI84+AJ84 -> 0
H85: =G85-F85 -> 0 | AC85: =IF(D85="ATHLETE", $D$9, 0) -> 0 | AD85: =IF(NOT(ISBLANK(C85)),IF(OR(A13="Cat. B Capsis Hotel Thessaloniki",A13="Cat. A Holiday Inn Thessaloniki",A13=""),0,120),) -> 0 | AE85: =IF(E85="Single",$A$9,IF(E85="Double",$B$9,IF(E85="Triple",$C$9,0))) -> 0 | AF85: =AE85*H85 -> 0 | AG85: =SUM(I85:O85)*$F$9 -> 0 | AH85: =(P85+Q85)*$H$9 -> 0 | AI85: {=SUM(R85:AA85*$G$9)} -> 0 | AJ85: =IF(TRIM(AB85)="YES", 60, 0) -> 0 | AK85: =AC85+AD85+AF85+AG85+AH85+AI85+AJ85 -> 0 | AM85: NO
H86: =G86-F86 -> 0 | AC86: =IF(D86="ATHLETE", $D$9, 0) -> 0 | AD86: =IF(NOT(ISBLANK(C86)),IF(OR(A13="Cat. B Capsis Hotel Thessaloniki",A13="Cat. A Holiday Inn Thessaloniki",A13=""),0,120),) -> 0 | AE86: =IF(E86="Single",$A$9,IF(E86="Double",$B$9,IF(E86="Triple",$C$9,0))) -> 0 | AF86: =AE86*H86 -> 0 | AG86: =SUM(I86:O86)*$F$9 -> 0 | AH86: =(P86+Q86)*$H$9 -> 0 | AI86: {=SUM(R86:AA86*$G$9)} -> 0 | AJ86: =IF(TRIM(AB86)="YES", 60, 0) -> 0 | AK86: =AC86+AD86+AF86+AG86+AH86+AI86+AJ86 -> 0 | AM86: YES 1 DAY
H87: =G87-F87 -> 0 | AC87: =IF(D87="ATHLETE", $D$9, 0) -> 0 | AD87: =IF(NOT(ISBLANK(C87)),IF(OR(A13="Cat. B Capsis Hotel Thessaloniki",A13="Cat. A Holiday Inn Thessaloniki",A13=""),0,120),) -> 0 | AE87: =IF(E87="Single",$A$9,IF(E87="Double",$B$9,IF(E87="Triple",$C$9,0))) -> 0 | AF87: =AE87*H87 -> 0 | AG87: =SUM(I87:O87)*$F$9 -> 0 | AH87: =(P87+Q87)*$H$9 -> 0 | AI87: {=SUM(R87:AA87*$G$9)} -> 0 | AJ87: =IF(TRIM(AB87)="YES", 60, 0) -> 0 | AK87: =AC87+AD87+AF87+AG87+AH87+AI87+AJ87 -> 0 | AM87: YES 2 DAYS
H88: =G88-F88 -> 0 | AC88: =IF(D88="ATHLETE", $D$9, 0) -> 0 | AD88: =IF(NOT(ISBLANK(C88)),IF(OR(A13="Cat. B Capsis Hotel Thessaloniki",A13="Cat. A Holiday Inn Thessaloniki",A13=""),0,120),) -> 0 | AE88: =IF(E88="Single",$A$9,IF(E88="Double",$B$9,IF(E88="Triple",$C$9,0))) -> 0 | AF88: =AE88*H88 -> 0 | AG88: =SUM(I88:O88)*$F$9 -> 0 | AH88: =(P88+Q88)*$H$9 -> 0 | AI88: {=SUM(R88:AA88*$G$9)} -> 0 | AJ88: =IF(TRIM(AB88)="YES", 60, 0) -> 0 | AK88: =AC88+AD88+AF88+AG88+AH88+AI88+AJ88 -> 0 | AM88: YES 3 DAYS
H89: =G89-F89 -> 0 | AC89: =IF(D89="ATHLETE", $D$9, 0) -> 0 | AD89: =IF(NOT(ISBLANK(C89)),IF(OR(A13="Cat. B Capsis Hotel Thessaloniki",A13="Cat. A Holiday Inn Thessaloniki",A13=""),0,120),) -> 0 | AE89: =IF(E89="Single",$A$9,IF(E89="Double",$B$9,IF(E89="Triple",$C$9,0))) -> 0 | AF89: =AE89*H89 -> 0 | AG89: =SUM(I89:O89)*$F$9 -> 0 | AH89: =(P89+Q89)*$H$9 -> 0 | AI89: {=SUM(R89:AA89*$G$9)} -> 0 | AJ89: =IF(TRIM(AB89)="YES", 60, 0) -> 0 | AK89: =AC89+AD89+AF89+AG89+AH89+AI89+AJ89 -> 0 | AM89: YES 4 DAYS
H90: =G90-F90 -> 0 | AC90: =IF(D90="ATHLETE", $D$9, 0) -> 0 | AD90: =IF(NOT(ISBLANK(C90)),IF(OR(A13="Cat. B Capsis Hotel Thessaloniki",A13="Cat. A Holiday Inn Thessaloniki",A13=""),0,120),) -> 0 | AE90: =IF(E90="Single",$A$9,IF(E90="Double",$B$9,IF(E90="Triple",$C$9,0))) -> 0 | AF90: =AE90*H90 -> 0 | AG90: =SUM(I90:O90)*$F$9 -> 0 | AH90: =(P90+Q90)*$H$9 -> 0 | AI90: {=SUM(R90:AA90*$G$9)} -> 0 | AJ90: =IF(TRIM(AB90)="YES", 60, 0) -> 0 | AK90: =AC90+AD90+AF90+AG90+AH90+AI90+AJ90 -> 0
H91: =G91-F91 -> 0 | AC91: =IF(D91="ATHLETE", $D$9, 0) -> 0 | AD91: =IF(NOT(ISBLANK(C91)),IF(OR(A13="Cat. B Capsis Hotel Thessaloniki",A13="Cat. A Holiday Inn Thessaloniki",A13=""),0,120),) -> 0 | AE91: =IF(E91="Single",$A$9,IF(E91="Double",$B$9,IF(E91="Triple",$C$9,0))) -> 0 | AF91: =AE91*H91 -> 0 | AG91: =SUM(I91:O91)*$F$9 -> 0 | AH91: =(P91+Q91)*$H$9 -> 0 | AI91: {=SUM(R91:AA91*$G$9)} -> 0 | AJ91: =IF(TRIM(AB91)="YES", 60, 0) -> 0 | AK91: =AC91+AD91+AF91+AG91+AH91+AI91+AJ91 -> 0
H92: =G92-F92 -> 0 | AC92: =IF(D92="ATHLETE", $D$9, 0) -> 0 | AD92: =IF(NOT(ISBLANK(C92)),IF(OR(A13="Cat. B Capsis Hotel Thessaloniki",A13="Cat. A Holiday Inn Thessaloniki",A13=""),0,120),) -> 0 | AE92: =IF(E92="Single",$A$9,IF(E92="Double",$B$9,IF(E92="Triple",$C$9,0))) -> 0 | AF92: =AE92*H92 -> 0 | AG92: =SUM(I92:O92)*$F$9 -> 0 | AH92: =(P92+Q92)*$H$9 -> 0 | AI92: {=SUM(R92:AA92*$G$9)} -> 0 | AJ92: =IF(TRIM(AB92)="YES", 60, 0) -> 0 | AK92: =AC92+AD92+AF92+AG92+AH92+AI92+AJ92 -> 0
H93: =G93-F93 -> 0 | AC93: =IF(D93="ATHLETE", $D$9, 0) -> 0 | AD93: =IF(NOT(ISBLANK(C93)),IF(OR(A13="Cat. B Capsis Hotel Thessaloniki",A13="Cat. A Holiday Inn Thessaloniki",A13=""),0,120),) -> 0 | AE93: =IF(E93="Single",$A$9,IF(E93="Double",$B$9,IF(E93="Triple",$C$9,0))) -> 0 | AF93: =AE93*H93 -> 0 | AG93: =SUM(I93:O93)*$F$9 -> 0 | AH93: =(P93+Q93)*$H$9 -> 0 | AI93: {=SUM(R93:AA93*$G$9)} -> 0 | AJ93: =IF(TRIM(AB93)="YES", 60, 0) -> 0 | AK93: =AC93+AD93+AF93+AG93+AH93+AI93+AJ93 -> 0 | AM93: LUNCH BOX
H94: =G94-F94 -> 0 | AC94: =IF(D94="ATHLETE", $D$9, 0) -> 0 | AD94: =IF(NOT(ISBLANK(C94)),IF(OR(A13="Cat. B Capsis Hotel Thessaloniki",A13="Cat. A Holiday Inn Thessaloniki",A13=""),0,120),) -> 0 | AE94: =IF(E94="Single",$A$9,IF(E94="Double",$B$9,IF(E94="Triple",$C$9,0))) -> 0 | AF94: =AE94*H94 -> 0 | AG94: =SUM(I94:O94)*$F$9 -> 0 | AH94: =(P94+Q94)*$H$9 -> 0 | AI94: {=SUM(R94:AA94*$G$9)} -> 0 | AJ94: =IF(TRIM(AB94)="YES", 60, 0) -> 0 | AK94: =AC94+AD94+AF94+AG94+AH94+AI94+AJ94 -> 0 | AM94: YES SATURDAY
H95: =G95-F95 -> 0 | AC95: =IF(D95="ATHLETE", $D$9, 0) -> 0 | AD95: =IF(NOT(ISBLANK(C95)),IF(OR(A13="Cat. B Capsis Hotel Thessaloniki",A13="Cat. A Holiday Inn Thessaloniki",A13=""),0,120),) -> 0 | AE95: =IF(E95="Single",$A$9,IF(E95="Double",$B$9,IF(E95="Triple",$C$9,0))) -> 0 | AF95: =AE95*H95 -> 0 | AG95: =SUM(I95:O95)*$F$9 -> 0 | AH95: =(P95+Q95)*$H$9 -> 0 | AI95: {=SUM(R95:AA95*$G$9)} -> 0 | AJ95: =IF(TRIM(AB95)="YES", 60, 0) -> 0 | AK95: =AC95+AD95+AF95+AG95+AH95+AI95+AJ95 -> 0 | AM95: YES SUNDAY
H96: =G96-F96 -> 0 | AC96: =IF(D96="ATHLETE", $D$9, 0) -> 0 | AD96: =IF(NOT(ISBLANK(C96)),IF(OR(A13="Cat. B Capsis Hotel Thessaloniki",A13="Cat. A Holiday Inn Thessaloniki",A13=""),0,120),) -> 0 | AE96: =IF(E96="Single",$A$9,IF(E96="Double",$B$9,IF(E96="Triple",$C$9,0))) -> 0 | AF96: =AE96*H96 -> 0 | AG96: =SUM(I96:O96)*$F$9 -> 0 | AH96: =(P96+Q96)*$H$9 -> 0 | AI96: {=SUM(R96:AA96*$G$9)} -> 0 | AJ96: =IF(TRIM(AB96)="YES", 60, 0) -> 0 | AK96: =AC96+AD96+AF96+AG96+AH96+AI96+AJ96 -> 0 | AM96: YES 2 DAYS
H97: =G97-F97 -> 0 | AC97: =IF(D97="ATHLETE", $D$9, 0) -> 0 | AD97: =IF(NOT(ISBLANK(C97)),IF(OR(A13="Cat. B Capsis Hotel Thessaloniki",A13="Cat. A Holiday Inn Thessaloniki",A13=""),0,120),) -> 0 | AE97: =IF(E97="Single",$A$9,IF(E97="Double",$B$9,IF(E97="Triple",$C$9,0))) -> 0 | AF97: =AE97*H97 -> 0 | AG97: =SUM(I97:O97)*$F$9 -> 0 | AH97: =(P97+Q97)*$H$9 -> 0 | AI97: {=SUM(R97:AA97*$G$9)} -> 0 | AJ97: =IF(TRIM(AB97)="YES", 60, 0) -> 0 | AK97: =AC97+AD97+AF97+AG97+AH97+AI97+AJ97 -> 0 | AM97: NO
H98: =G98-F98 -> 0 | AC98: =IF(D98="ATHLETE", $D$9, 0) -> 0 | AD98: =IF(NOT(ISBLANK(C98)),IF(OR(A13="Cat. B Capsis Hotel Thessaloniki",A13="Cat. A Holiday Inn Thessaloniki",A13=""),0,120),) -> 0 | AE98: =IF(E98="Single",$A$9,IF(E98="Double",$B$9,IF(E98="Triple",$C$9,0))) -> 0 | AF98: =AE98*H98 -> 0 | AG98: =SUM(I98:O98)*$F$9 -> 0 | AH98: =(P98+Q98)*$H$9 -> 0 | AI98: {=SUM(R98:AA98*$G$9)} -> 0 | AJ98: =IF(TRIM(AB98)="YES", 60, 0) -> 0 | AK98: =AC98+AD98+AF98+AG98+AH98+AI98+AJ98 -> 0
H99: =G99-F99 -> 0 | AC99: =IF(D99="ATHLETE", $D$9, 0) -> 0 | AD99: =IF(NOT(ISBLANK(C99)),IF(OR(A13="Cat. B Capsis Hotel Thessaloniki",A13="Cat. A Holiday Inn Thessaloniki",A13=""),0,120),) -> 0 | AE99: =IF(E99="Single",$A$9,IF(E99="Double",$B$9,IF(E99="Triple",$C$9,0))) -> 0 | AF99: =AE99*H99 -> 0 | AG99: =SUM(I99:O99)*$F$9 -> 0 | AH99: =(P99+Q99)*$H$9 -> 0 | AI99: {=SUM(R99:AA99*$G$9)} -> 0 | AJ99: =IF(TRIM(AB99)="YES", 60, 0) -> 0 | AK99: =AC99+AD99+AF99+AG99+AH99+AI99+AJ99 -> 0 | AM99: LUNCH HOTEL
H100: =G100-F100 -> 0 | AC100: =IF(D100="ATHLETE", $D$9, 0) -> 0 | AD100: =IF(NOT(ISBLANK(C100)),IF(OR(A13="Cat. B Capsis Hotel Thessaloniki",A13="Cat. A Holiday Inn Thessaloniki",A13=""),0,120),) -> 0 | AE100: =IF(E100="Single",$A$9,IF(E100="Double",$B$9,IF(E100="Triple",$C$9,0))) -> 0 | AF100: =AE100*H100 -> 0 | AG100: =SUM(I100:O100)*$F$9 -> 0 | AH100: =(P100+Q100)*$H$9 -> 0 | AI100: {=SUM(R100:AA100*$G$9)} -> 0 | AJ100: =IF(TRIM(AB100)="YES", 60, 0) -> 0 | AK100: =AC100+AD100+AF100+AG100+AH100+AI100+AJ100 -> 0 | AM100: YES
H101: =G101-F101 -> 0 | AC101: =IF(D101="ATHLETE", $D$9, 0) -> 0 | AD101: =IF(NOT(ISBLANK(C101)),IF(OR(A13="Cat. B Capsis Hotel Thessaloniki",A13="Cat. A Holiday Inn Thessaloniki",A13=""),0,120),) -> 0 | AE101: =IF(E101="Single",$A$9,IF(E101="Double",$B$9,IF(E101="Triple",$C$9,0))) -> 0 | AF101: =AE101*H101 -> 0 | AG101: =SUM(I101:O101)*$F$9 -> 0 | AH101: =(P101+Q101)*$H$9 -> 0 | AI101: {=SUM(R101:AA101*$G$9)} -> 0 | AJ101: =IF(TRIM(AB101)="YES", 60, 0) -> 0 | AK101: =AC101+AD101+AF101+AG101+AH101+AI101+AJ101 -> 0 | AM101: NO
...

Sheet TRAVEL INFO
B1: Thessaloniki
B2: Cadet European Cup 2026
B3: Thessaloniki, Greece
B4: November 21-22, 2026
B5: EJU Cadet Training Camp
B6: November 23-25, 2026
B9: Travel Form
B12: Country
D14: ARRIVAL | I14: DEPARTURE
B15: Arrival date | C15: From (city) | D15: Arrival Time | E15: Flight N. | F15: N. of Persons | G15: Departure date | H15: Destination (city) | I15: Departure time | J15: N. of Persons

Sheet Φύλλο1
B4: Στήλη1 | C4: Στήλη2 | D4: Στήλη3 | E4: BANK TR | F4: CASH | G4: Στήλη4 | H4: Στήλη5
B5: 1 | C5: ISR SHAI | D5: 4420 | G5: CAPSIS
B6: 2 | C6: PORTUGAL BETTENCOURT | D6: 385 | G6: OWN
B7: 3 | C7: CRO DUJAKOVIC | D7: 755 | G7: CAPSIS
B8: 4 | C8: SWISS REFEREE | D8: 340 | G8: HOLIDAY
B9: 5 | C9: CRO BLACK BELT | D9: 1699 | G9: CAPSIS
B10: 6 | C10: AUSTRALIA | D10: 530 | G10: OWN
B11: 7 | C11: EL SALVADOR | D11: 145 | G11: OWN
B12: 8 | C12: GBR CAPSIS | D12: 2081 | G12: CAPSIS
B13: 9 | C13: GER REFEREES | D13: 1260 | G13: HOLIDAY
B14: 10 | C14: FRA PATRICE BLIN | D14: 1130 | G14: HOLIDAY
B15: 11 | C15: CRO SAMOBOR | D15: 972 | G15: CAPSIS
B16: 12 | C16: FRA CORRUBLE | D16: 417 | G16: CAPSIS
... B28: 24 | C28: ISR MEITAV | D28: 1690 | G28: OWN
B29: 25 | C29: CYPRUS | D29: 8701 | E29: 8701 | G29: CAPSIS
B30: 26 | C30: FRA BLACK | D30: 607 | G30: CAPSIS
B31: 27 | C31: BELGIUM FLEMISH | D31: 2735 | G31: CAPSIS AND OWN
B32: 28 | C32: GEO GVITIJANI | D32: 1643 | G32: CAPSIS
B33: 29 | C33: GEO SABIASHVILI | D33: 285 | G33: CAPSIS
B34: 30 | C34: GEO NOZADZE | D34: 442 | G34: CAPSIS
B35: 31 | C35: ITALY HOLIDAY OWN | D35: 6670 | G35: HOLIDAY AND OWN
B36: 32 | C36: ITALY CAPSIS | D36: 7295 | G36: CAPSIS
B37: 33 | C37: POLAND BUDOWLANI | D37: 2620 | G37: HOLIDAY
B38: 34 | C38: MONTENEGRO BAR | D38: 950 | G38: HOLIDAY
B39: 35 | C39: FRA POLE ESPOIRS TOULOUSE | D39: 845 | G39: OWN
B40: 36 | C40: FRA ROTH | D40: 745 | G40: HOLIDAY
B41: 37 | C41: ISR TOITER | D41: 1395 | G41: HOLIDAY
... B47: 43 | C47: SERBIA MARKOVIC | D47: 465 | G47: OWN
B48: 44a | C48: BULGARIA | D48: 9885 | G48: HOLIDAY
B49: 44b | C49: BULGARIA NATIONAL | D49: 5440 | G49: HOLIDAY
B50: 45 | C50: SERBIA ZIVKOVIC | D50: 735 | G50: OWN | H50: CAMP
B51: 46 | C51: GEO ZOIDZE | D51: 2310 | G51: HOLIDAY
B52: 47 | C52: ISR AIKIJITSU | D52: 417 | G52: CAPSIS
B53: 48 | C53: SERBIA TAMIS | D53: 410 | G53: OWN
B54: 49 | C54: GBR OWN | D54: 410 | G54: OWN
B55: 50 | C55: CRO TORI | D55: 1080 | G55: HOLIDAY
B56: 51 | C56: CRO ALKAR SINJ | D56: 859 | G56: CAPSIS
B57: 52 | C57: ESTONIA | D57: 5480 | G57: HOLIDAY
B58: 53 | C58: SLOVAKIA | D58: 6077 | G58: CAPSIS
B59: 54 | C59: N MAC | D59: 2108 | G59: HOLIDAY
B60: 55 | C60: LITHUANIA | D60: 1385 | G60: HOLIDAY
B61: 55 | C61: ROMANIA | D61: 14874 | G61: CAPSIS
B62: 56 | C62: POLAND PIENKOWSKA | D62: 410 | G62: OWN
... B80: 74 | C80: ISRAEL OWN | D80: 1955 | G80: OWN
C81: GEO BERADZE | G81: CAPSIS
C82: GEO TSOTSKOLAURI | G82: OWN
B83: 77 | C83: GEO KHABARELI | G83: CAPSIS
B84: 75 | C84: GEO ARUTINIANI | G84: CAPSIS
B85: 76 | C85: GEO SIKHASHVILI | G85: CAPSIS
D87: =SUM(Πίνακας1[Στήλη3]) -> 162749
